 Dungeon Crawl Stone Soup version 0.27.1 (webtiles) character file.

Game seed: 14722152146528674551

2912 bnorton916 the Jinx (level 9, 0/45 HPs)
             Began as a Deep Elf Conjurer on Aug 27, 2021.
             Was an Initiate of Ashenzari.
             Slain by a yak (13 damage)
             ... on level 7 of the Dungeon.
             The game lasted 00:17:30 (9454 turns).

bnorton916 the Jinx (Deep Elf Conjurer)             Turns: 9454, Time: 00:17:31

Health: 0/45       AC:  9    Str: 11    XL:     9   Next: 49%
Magic:  3/20       EV: 12    Int: 26    God:    Ashenzari [......]
Gold:   321        SH:  5    Dex: 13    Spells: 9/21 levels left

rFire    . . .     SeeInvis +   l - +1 dagger (venom)
rCold    . . .     Faith    .   k - +0 buckler
rNeg     . . .     Spirit   .   n - +0 leather armour
rPois    .         Reflect  .   j - +2 helmet "Pleiades of the Sky" {SInv, Fort, Evo} (curse)
rElec    .         Harm     .   A - +0 cloak
rCorr    .         Rampage  .   f - +0 pair of gloves
Will     .....                  (no boots)
Stlth    ++........             (no amulet)
HPRegen  0.15/turn              o - +6 ring of strength
MPRegen  0.17/turn              p - ring of wizardry

@: no status effects
A: no striking features
a: Renounce Religion, Curse Item, Shatter the Chains


You were on level 7 of the Dungeon.
You worshipped Ashenzari.
Ashenzari was noncommittal.
You visited 1 branch of the dungeon, and saw 8 of its levels.
You also visited: Sewer.

You collected 321 gold pieces.

Inventory:

Hand Weapons
 l - a +1 dagger of venom (weapon)
 r - a +1 short sword of freezing
Missiles
 b - 217 stones
Armour
 f - a +0 pair of gloves (worn)
 j - the cursed +2 helmet "Pleiades of the Sky" (worn) {SInv, Fort, Evo}
   (You acquired it on level 2 of the Dungeon)

   It has a curse which improves the following skills: Fortitude: Armour and
   Shields.
   Evocations: Evocations.
 k - a +0 buckler (worn)
 n - a +0 leather armour (worn)
 A - a +0 cloak (worn)
Jewellery
 o - a +6 ring of strength (left hand)
 p - a ring of wizardry (right hand)
Wands
 B - a wand of mindburst (17)
Scrolls
 e - 12 scrolls of identify
 g - 6 scrolls of teleportation
 h - a scroll of magic mapping
 i - 3 scrolls of amnesia
 w - 3 scrolls of enchant armour
 x - a scroll of summoning
 y - a scroll of blinking
 C - 2 scrolls of enchant weapon
Potions
 a - a potion of lignification
 c - 2 potions of curing
 d - 4 potions of cancellation
 m - 5 potions of invisibility
 q - a potion of might
 s - 3 potions of haste
 t - a potion of magic
 u - 2 potions of mutation
 v - 3 potions of brilliance


   Skills:
 - Level 3.7(4.2) Armour
 - Level 2.4 Dodging
 - Level 2.4 Stealth
 - Level 3.7(4.2) Shields
 - Level 6.5 Spellcasting
 - Level 6.5 Conjurations
 + Level 8.6 Hexes
 + Level 7.1 Translocations


You had 9 spell levels left.
You knew the following spells:

 Your Spells              Type           Power      Damage    Failure   Level
a - Magic Dart            Conj           100%       1d8       1%          1
b - Searing Ray           Conj           84%        3d6       1%          2
c - Fulminant Prism       Conj/Hex       24%        3d13      1%          4
d - Iskenderun's Mystic   Conj/Tloc      44%        2d10      1%          4
e - Foxfire               Conj/Fire      100%       2x1d9     1%          1

Your spell library contained the following spells:

 Spells                   Type           Power      Damage    Failure   Level
 Ensorcelled Hibernation  Hex/Ice        60%        N/A       1%          2
 Dazzling Flash           Conj/Hex       96%        N/A       1%          3
 Inner Flame              Hex/Fire       30%        N/A       1%          3
 Portal Projectile        Hex/Tloc       98%        N/A       1%          3
 Conjure Flame            Conj/Fire      25%        6-21      2%          3
 Spider Form              Tmut/Pois      4%         N/A       11%         3
 Blade Hands              Tmut           4%         N/A       65%         5
 Excruciating Wounds      Necr           4%         N/A       65%         5
 Shadow Creatures         Summ           N/A        N/A       99%         6


Dungeon Overview and Level Annotations

Branches:
Dungeon (8/15)             Temple (0/1) D:5           Sewer (visited)
   Lair: D:8-11

Altars:
Ashenzari
Cheibriados

Annotations:
D:7 2 transporters, rjrrt's ghost, novice MiBe


Message History

The yak is moderately wounded. (Press . to maintain the ray.)
The yak gores you.
Your fulminant prism crackles loudly.
The searing ray hits the yak.
The yak is heavily wounded.
The searing ray hits the yak!
The yak is heavily wounded.
The yak misses you.
Your fulminant prism explodes!
The blast of energy engulfs the yak!!
You kill the yak!
The blast of energy engulfs the yak!!
The yak is almost dead.
You hear an angry hiss.
You hear a shout! x3
Unknown command.
Unknown command.
Unknown command.
Unknown command.
Casting: Searing Ray (safe; 1% risk of failure)
Confirm with . or Enter, or press ? or * to list all spells.
You don't have enough magic to cast this spell.
You hit the yak but do no damage.
The yak is poisoned.
The yak is almost dead.
The yak gores you! The yak gores you but does no damage.
Unknown command.
You kill the yak!
The yak misses you.
Your Translocations skill increases to level 7!
You climb upwards.
Level annotation: 2 transporters, rjrrt's ghost, novice MiBe
There is a stone staircase leading down here.
You hit the yak but do no damage.
The yak is poisoned.
The yak is lightly wounded.
The yak gores you!
* * * LOW HITPOINT WARNING * * *
You hit the yak but do no damage.
The yak looks as sick as possible!
The yak is lightly wounded.
The yak gores you!
You die...

...## #.......# ##..#..##
.#..####......# ##...#.#
###..###......# ##.##.#
##....#.......## #..##.#
.#......##.....####.###.#
.......####.....##..# #.#
.......## #.........#####
........###......Y......#
.....#..#.......@.#...###
.....................##
......................###
......####...........#..##
.....##
#...####.....###.## ##...#
#.### #.<..## ##.# #...##
#.# #....# ### #)...###.#
##....#
##....##..#####.....#


You could see a yak (extremely poisoned).

Vanquished Creatures
  Joseph (D:7)
  Grinder (Sewer)
  3 yaks (D:8)
  2 water moccasins
  An ice beast (D:6)
  A necrophage (D:7)
  2 centaurs (D:6)
  3 phantoms
  A kobold brigand (Sewer)
  3 gnoll sergeants
  3 scorpions
  A water moccasin skeleton (D:5)
  A wight (Sewer)
  A centaur zombie (D:6)
  2 jellies
  2 orc priests (D:4)
  A centaur skeleton (D:7)
  A bullfrog skeleton (D:7)
  3 orc wizards
  A hound skeleton (D:4)
  A howler monkey zombie (D:7)
  11 gnolls
  7 adders
  3 river rats (D:4)
  4 shadow imps
  2 ufetubi
  An adder zombie (Sewer)
  2 worms
  A dart slug (D:1)
  18 orcs
  9 ball pythons
  3 bats
  A bat zombie (Sewer)
  8 endoplasms
  6 giant cockroaches
  6 goblins
  5 hobgoblins
  20 jackals
  6 quokkas
  3 frilled lizards
  22 kobolds
  3 rats
176 creatures vanquished.

Vanquished Creatures (others)
  17 foxfires (D:7)
  7 fulminant prisms
  A plant (D:5)
25 creatures vanquished.

Grand Total: 201 creatures vanquished

Notes
Turn   | Place    | Note
-------+----------+-------------------------------------------
     0 | D:1      | bnorton916 the Deep Elf Conjurer began the quest for the
                  | Orb.
     0 | D:1      | Reached XP level 1. HP: 10/10 MP: 6/6
   244 | D:1      | Reached XP level 2. HP: 15/15 MP: 3/8
   659 | D:1      | Learned a level 2 spell: Searing Ray
   773 | D:1      | Reached skill level 5 in Conjurations
   773 | D:1      | Reached XP level 3. HP: 19/19 MP: 5/10
  1017 | D:1      | Found a faded altar of an unknown god.
  1750 | D:2      | Reached XP level 4. HP: 24/24 MP: 2/12
  2231 | D:2      | Found a broken altar of Ashenzari.
  2355 | D:2      | Became a worshipper of Ashenzari the Shackled
  2355 | D:2      | Identified a scroll of acquirement
  2356 | D:2      | Acquired a +2 helmet of see invisible
  2805 | D:3      | Reached skill level 5 in Spellcasting
  3038 | D:3      | Learned a level 4 spell: Fulminant Prism
  3043 | D:3      | Learned a level 4 spell: Iskenderun's Mystic Blast
  3871 | D:4      | Reached XP level 5. HP: 25/28 MP: 0/14
  3987 | D:4      | Found a glowing drain.
  3994 | Sewer    | Entered a sewer
  4186 | Sewer    | Reached skill level 1 in Armour
  4334 | Sewer    | Reached skill level 1 in Shields
  4573 | Sewer    | Found an ancient bone altar of Kikubaaqudgha.
  4855 | Sewer    | Reached XP level 6. HP: 13/32 MP: 9/16
  4874 | Sewer    | Noticed Grinder
  5308 | Sewer    | Paralysed by Grinder for 5 turns
  5315 | Sewer    | Killed Grinder
  5316 | Sewer    | Reached XP level 7. HP: 32/36 MP: 7/18
  5412 | D:4      | Found a snail-covered altar of Cheibriados.
  5605 | D:4      | Reached skill level 1 in Hexes
  5634 | D:4      | Reached skill level 1 in Translocations
  6045 | D:4      | Reached skill level 2 in Hexes
  6322 | D:5      | Entered Level 5 of the Dungeon
  6331 | D:5      | Found a staircase to the Ecumenical Temple.
  6428 | D:5      | Reached skill level 3 in Hexes
  6428 | D:5      | Reached XP level 8. HP: 41/41 MP: 13/19
  6903 | D:6      | Reached skill level 4 in Hexes
  7210 | D:6      | Reached skill level 5 in Hexes
  7854 | D:7      | Reached skill level 6 in Hexes
  7956 | D:7      | Reached skill level 5 in Translocations
  8434 | D:7      | Reached XP level 9. HP: 45/45 MP: 13/20
  8492 | D:7      | Found a transporter.
  8506 | D:7      | Noticed a moth of wrath
  8507 | D:7      | Noticed rjrrt's ghost (novice MiBe)
  8545 | D:7      | Noticed Joseph
  8561 | D:7      | HP: 1/45 [Joseph/sling bullet (15)]
  8567 | D:7      | Killed Joseph
  8568 | D:7      | Reached skill level 7 in Hexes
  8806 | D:7      | Learned a level 1 spell: Foxfire
  9168 | D:7      | Found a transporter.
  9447 | D:8      | Reached skill level 8 in Hexes
  9454 | D:7      | Slain by a yak

Illustrated notes

Levels and vault maps discovered:
D:1:      dpeg_arrival_round_b, layout_basic,
          shapermc_ecumenical_altar_mp_highgroup
D:2:      layout_rooms, basic_altar, chequers_serial_rivers_small_a,
          minmay_pentomino_u4
D:3:      layout_basic
D:4:      layout_rooms, cheibriados_altar_1, portal_sewer_entry_e
D:5:      layout_rooms, minmay_temple_entry_overgrown, grunt_decor_cap
D:6:      layout_rooms
D:7:      layout_layer_cave, gammafunk_ghost_berserking_beasts, uniq_joseph,
          uniq_crazy_yiuf_cottage
D:8:      layout_rooms, serial_shops, kennysheep_little_box, uniq_harold

Skill      XL: |  1  2  3  4  5  6  7  8  9 |
---------------+----------------------------+-----
Spellcasting   | 4 5 6 |  6.5
Conjurations   | 5 6 |  6.5
Armour         | 1 2 3 |  3.7
Shields        | 1 2 3 |  3.7
Hexes          | 3 6 8 |  8.6
Translocations | 2 5 7 |  7.1
Dodging        | |  2.4
Stealth        | |  2.4

Action                   |  1- 3 |  4- 6 |  7- 9 || total
-------------------------+-------+-------+-------++-------
Melee: Dagger            |       |     8 |    16 ||    24
 Cast: Magic Dart        |    69 |    87 |    76 ||   232
       Searing Ray       |     1 |    18 |    34 ||    53
       Fulminant Prism   |       |     1 |     6 ||     7
       Iskenderun's Myst |       |       |     5 ||     5
       Foxfire           |       |       |    10 ||    10
Invok: Curse Item        |       |     1 |       ||     1
  Use: Scroll            |       |     2 |       ||     2
       Potion            |       |     1 |     2 ||     3
 Stab: Sleeping          |       |     3 |       ||     3
Armor: Robe              |     3 |     2 |    10 ||    15
       Leather armour    |       |       |     9 ||     9
Dodge: Dodged            |    12 |    17 |    31 ||    60
Block: Buckler           |       |       |     9 ||     9
